 Dungeon Crawl Stone Soup version 0.27.0-1-g7a089689b8 (webtiles) character file.

Game seed: 6385507870494121268

18 lnt the Sneak (level 2, -4/21 HPs)
             Began as an Octopode Delver on Aug 2, 2021.
             Was an Initiate of the Shining One.
             Slain by a wyvern skeleton (14 damage)
             ... on level 5 of the Dungeon.
             The game lasted 00:03:31 (796 turns).

lnt the Sneak (Octopode Delver)                      Turns: 796, Time: 00:03:31

Health: -4/21      AC:  1    Str: 11    XL:     2   Next: 66%
Magic:  2/2        EV: 13    Int: 12    God:    the Shining One [......]
Gold:   25         SH:  0    Dex: 13    Spells: 1/1 levels left

rFire    + . .     SeeInvis .   a - +0 spear
rCold    x . .     Faith    .   (no shield)
rNeg     . . .     Spirit   .   (helmet restricted)
rPois    .         Reflect  .   (no amulet)
rElec    .         Harm     .   j - ring of fire
rCorr    .         Rampage  .   (no ring)
Will     .....                  (no ring)
Stlth    ++........             (no ring)
HPRegen  0.07/turn              (no ring)
MPRegen  0.08/turn              (no ring)
                                (no ring)
                                (no ring)

@: hasted, glowing, very quick
A: almost no armour, amphibious, 8 rings, camouflage 1, gelatinous body 1,
(nimble swimmer 1), tentacles
a: Renounce Religion


You were on level 5 of the Dungeon.
You worshipped the Shining One.
The Shining One was noncommittal.
You visited 2 branches of the dungeon, and saw 3 of its levels.

You collected 25 gold pieces.

Inventory:

Hand Weapons
 a - a +0 spear (weapon)
Jewellery
 j - a ring of fire (left tentacle)
Wands
 f - a wand of digging (3)
Scrolls
 b - a scroll of fog
 c - a scroll of magic mapping
 d - a scroll of fear
 g - a scroll of noise {unknown}
 h - a scroll of amnesia {unknown}
 i - a scroll of enchant armour {unknown}


   Skills:
 + Level 3.2 Fighting
 + Level 2.3 Polearms
 + Level 2.3 Dodging
 + Level 6.8 Stealth


You had one spell level left.
You didn't know any spells.
Your spell library contained the following spells:

 Spells                   Type           Power      Damage    Failure   Level
 Dazzling Flash           Conj/Hex       0%         N/A       69%         3
 Agony                    Necr           0%         N/A       100%        5
 Silence                  Hex/Air        0%         N/A       100%        5


Dungeon Overview and Level Annotations

Branches:
Dungeon (6/15)             Temple (1/1) D:5

Altars:
Ashenzari
Cheibriados
Elyvilon
Kikubaaqudgha
Makhleb
Sif Muna
Vehumet
Wu Jian
Zin
The Shining One

Annotations:
D:5 Prince Ribbit


Innate Abilities, Weirdness & Mutations

You cannot wear most types of armour.
You are amphibious.
You can wear up to eight rings at the same time.
Your skin changes colour to match your surroundings (Stealth+).
Your rubbery body absorbs attacks. (AC +1, EV +1)
((You are camouflaged near water. (Stealth+)))
You have tentacles for arms and can constrict up to eight enemies at once.


Message History

Done exploring.
Done exploring.
Done exploring.
Done exploring.
Done exploring.
Done exploring.
Done exploring.
Done exploring.
Done exploring.
Done exploring.
Done exploring.
Describe a (M)onster, (S)pell, s(K)ill, (A)bility, (C)ard, (I)tem, (F)eature, (G)od, (B)ranch, c(L)oud or s(T)atus?
Describe a (M)onster, (S)pell, s(K)ill, (A)bility, (C)ard, (I)tem, (F)eature, (G)od, (B)ranch, c(L)oud or s(T)atus?
Okay, then.
Unknown command.
Unknown command.
Describe a (M)onster, (S)pell, s(K)ill, (A)bility, (C)ard, (I)tem, (F)eature, (G)od, (B)ranch, c(L)oud or s(T)atus?
Describe a (M)onster, (S)pell, s(K)ill, (A)bility, (C)ard, (I)tem, (F)eature, (G)od, (B)ranch, c(L)oud or s(T)atus?
Okay, then.
Unknown command.
Unknown command.
Press: ? - help, v - describe, . - travel The floor.
There is an open gate here.
There is an ancient bone altar of Kikubaaqudgha here.
There is a shimmering blue altar of Sif Muna here.
There is a glowing golden altar of the Shining One here.
You curl up in front of the altar of the Shining One.
The Shining One welcomes you!
Okay, then.
There is a fountain of clear blue water here.
There is an open gate here.
There is a staircase back to the Dungeon here.
You climb upwards.
Level annotation: Prince Ribbit The wyvern skeleton bites you.
The wyvern skeleton bites you!
There is a staircase to the Ecumenical Temple here.
You feel yourself speed up. The wyvern skeleton bites you!
Ouch! That really hurt!
You die...

...####..........[.....###
..........................
..........................
...........#####.##.......
..........######.##.Y..$.!
..........# #..≈Z§........
#########.###.≈§§≈≈.......
+##.≈≈Z§§§≈......
..g.§g≈@§§§######
....§≈§≈≈§§# .....≈≈§§≈.#
......≈§≈..# .......+...#
.g.....###.# ..<.... .#
.....$. .#


You could see a sky beast, a gnoll shaman, 2 gnolls, a bullfrog skeleton and a
wyvern skeleton.

Vanquished Creatures
  A gnoll (Temple)
  A shadow imp (D:5)
2 creatures vanquished.

Notes
Turn   | Place    | Note
-------+----------+-------------------------------------------
     0 | D:5      | lnt the Octopode Delver began the quest for the Orb.
     0 | D:5      | Reached XP level 1. HP: 16/16 MP: 1/1
    53 | D:5      | Noticed a sky beast
    58 | D:5      | Noticed Prince Ribbit
   279 | D:5      | Reached XP level 2. HP: 5/21 MP: 2/2
   526 | D:5      | Found a staircase to the Ecumenical Temple.
   534 | Temple   | Entered the Ecumenical Temple
   760 | Temple   | Became a worshipper of the Shining One
   796 | D:5      | Slain by a wyvern skeleton

Illustrated notes

Levels and vault maps discovered:
D:5:      layout_basic, xom_redecorated, minmay_temple_entry_mist, st_stairs_6,
          nicolae_inconvenience_store, uniq_prince_ribbit1
D:6:      layout_basic, nemelex_diamond_rough_becter, grunt_decor_fettered,
          uniq_pikel
Temple:   jpeg_temple_alley_garden

Action                   || total
-------------------------++-------
Melee: Spear             ||     9
       Constrict         ||     2
       Tentacles         ||     1
  Use: Potion            ||     1
Dodge: Dodged            ||     9
